 Dungeon Crawl Stone Soup version 0.20.1-1-g8b1a95d (webtiles) character file.

275 kipponium the Conjurer (level 6, 0/53 HPs)
             Began as an Ogre Wizard on Aug 10, 2017.
             Killed by nerve-wracking pain
             ... invoked by an orc priest
              (2 damage)
             ... on level 3 of the Dungeon.
             The game lasted 00:29:31 (5120 turns).

kipponium the Conjurer (Ogre Wizard)                Turns: 5120, Time: 00:29:31

Health: 0/53       AC:  3    Str: 12    XL:     6   Next: 24%
Magic:  3/12       EV:  9    Int: 21    God:
Gold:   123        SH:  0    Dex:  7    Spells: 4/13 levels left

rFire    . . .     SeeInvis .   q - +0 scythe
rCold    . . .     Gourm    .   (shield currently unavailable)
rNeg     . . .     Faith    .   a - +0 robe
rPois    .         Spirit   .   b - +0 hat
rElec    .         Reflect  .   (no cloak)
rCorr    .         Harm     .   (gloves unavailable)
MR       .....                  (boots unavailable)
Stlth    +.........             (no amulet)
Regen    0.2/turn               (no ring)
MPRegen  0.2/turn               (no ring)

@: very slightly contaminated, drained
A: unfitting armour, tough skin 1
a: no special abilities


You were on level 3 of the Dungeon.
You were not hungry.

You visited 1 branch of the dungeon, and saw 3 of its levels.

You collected 123 gold pieces.

Inventory:

Hand Weapons
 q - a +0 scythe (weapon)
Missiles
 g - 7 tomahawks (quivered)
Armour
 a - a +0 robe (worn)
 b - a +0 hat (worn)
Scrolls
 f - 4 scrolls of identify {unknown}
 j - 3 scrolls of teleportation {unknown}
 m - a scroll of noise {unknown}
 o - a scroll of remove curse {unknown}
 p - a scroll of enchant weapon {unknown}
Potions
 d - a potion of heal wounds {unknown}
 e - a potion of degeneration {unknown}
 i - a potion of haste {unknown}
 k - 2 potions of flight {unknown}
 s - a potion of ambrosia {unknown}
Books
 c - a book of Minor Magic

   Spells                             Type                      Level
   a - Magic Dart                     Conjuration                  1
   b - Blink                          Translocation                2
   c - Call Imp                       Summoning                    2
   d - Slow                           Hexes                        2
   e - Conjure Flame                  Conjuration/Fire             3
   f - Mephitic Cloud                 Conjuration/Poison/Air       3
Comestibles
 h - 4 fruits
 l - a chunk of flesh
 n - 2 meat rations
 r - a bread ration


   Skills:
 - Level 0.2(0.0) Polearms
 - Level 1.7(1.5) Dodging
 - Level 1.4(1.1) Stealth
 - Level 4.2(3.9) Spellcasting
 * Level 4.3(4.0) Conjurations
 * Level 2.6(2.4) Summonings
   Level 0.8(0.6) Translocations
 - Level 0.1(0.0) Fire Magic


You had 4 spell levels left.
You knew the following spells:

 Your Spells              Type           Power        Failure   Level  Hunger
a - Magic Dart            Conj           ###.         2%          1    None
b - Call Imp              Summ           ##......     7%          2    #......
c - Mephitic Cloud        Conj/Pois/Air  #.......     21%         3    ###....
d - Conjure Flame         Conj/Fire      ##......     16%         3    ###....


Dungeon Overview and Level Annotations

Branches:
Dungeon (3/15)

Altars:


Innate Abilities, Weirdness & Mutations

You are too large for most types of armour.
You have tough skin. (AC +1)


Message History

Your shadow imp gestures at the orc priest.
The orc priest writhes in agony!
You barely miss the orc warrior.
Your white imp disappears in a puff of smoke!
The orc warrior closely misses you. The orc warrior barely misses you.
The orc priest hits you with a mace of draining.
You feel drained.
You hit the orc priest but do no damage.
The orc priest is heavily wounded.
Your shadow imp barely misses the orc priest.
The orc warrior hits you with a battleaxe!
The orc warrior hits your shadow imp with a battleaxe!
The orc priest closely misses you.
Your shadow imp hits the orc priest but does no damage.
The orc warrior hits you with a battleaxe!!
* * * LOW HITPOINT WARNING * * *
The orc warrior closely misses your shadow imp.
The orc priest calls down the wrath of Beogh upon you.
Pain shoots through your body!
You die...

....# ############.##.#
### ....# #....# #..
....# #.####### ##'#
.##.# #.......# #...
###.# #.#####.# #...
.<#.# #.# #.# #...
###.#
#########.#####.## #)..
....#
#>......o5.......###...
#####
#.....@.o..............
#.#######.........##...
###########.####
#######........
#.........#....#
#.#.#####
#......)..####.#
#.#....<. #.........#
#.# #.#.(##.#
#.........####.#
#.#.....#
#..............######
#.#.....#
#.....).......†÷....#
#.#...#o#


You could see an orc warrior, an orc priest and a friendly shadow imp.

Vanquished Creatures
  2 adders (D:2)
  2 worms
  2 dart slugs
  2 leopard geckos
  An orc (D:3)
  4 giant cockroaches
  6 hobgoblins
  4 jackals
  9 kobolds
  A quokka (D:1)
  A ball python (D:3)
  4 bats
  3 frilled lizards
  21 goblins
  5 rats
67 creatures vanquished.

Vanquished Creatures (collateral kills)
  Sigmund (D:2)
  An orc priest (D:3)
  2 orc wizards (D:3)
  Robin (D:3)
  An adder (D:2)
  3 worms
  3 orcs
  A hobgoblin (D:2)
  A bat (D:3)
14 creatures vanquished.

Grand Total: 81 creatures vanquished

Notes
Turn   | Place    | Note
-------+----------+-------------------------------------------
     0 | D:1      | kipponium the Ogre Wizard began the quest for the Orb.
     0 | D:1      | Reached XP level 1. HP: 16/16 MP: 5/5
    31 | D:1      | Reached skill level 1 in Conjurations
   476 | D:1      | Reached XP level 2. HP: 24/24 MP: 1/6
   732 | D:1      | Learned a level 2 spell: Call Imp
  1094 | D:1      | Reached skill level 1 in Summonings
  1094 | D:1      | Reached XP level 3. HP: 31/31 MP: 5/8
  1342 | D:2      | Noticed Sigmund
  1380 | D:2      | Learned a level 3 spell: Mephitic Cloud
  1384 | D:2      | Learned a level 3 spell: Conjure Flame
  1570 | D:2      | Noticed Robin
  2179 | D:2      | Reached XP level 4. HP: 39/39 MP: 6/10
  2347 | D:2      | Killed Sigmund
  2347 | D:2      | Reached XP level 5. HP: 43/45 MP: 2/11
  3383 | D:3      | Killed Robin
  4115 | D:3      | HP: 1/45 [worm (6)]
  4119 | D:3      | Reached XP level 6. HP: 9/53 MP: 1/12
  4316 | D:3      | Noticed an orc warrior
  5119 | D:3      | HP: 2/53 [orc warrior/battleaxe (22)]
  5120 | D:3      | Killed from afar by an orc priest

Skill      XL: |  1  2  3  4  5 |
---------------+----------------+-----
Conjurations   | 1 2 3 4 |  4.3
Spellcasting   | 4 |  4.2
Summonings     | 1 2 |  2.6
Polearms       | |  0.2
Dodging        | |  1.7
Stealth        | |  1.4
Translocations | |  0.8
Fire Magic     | |  0.1

Action                   |  1- 3 |  4- 6 || total
-------------------------+-------+-------++-------
Melee: Unarmed           |     3 |       ||     3
       Scythe            |       |     8 ||     8
 Cast: Magic Dart        |    90 |    85 ||   175
       Call Imp          |     2 |    29 ||    31
       Conjure Flame     |     2 |     2 ||     4
       Mephitic Cloud    |       |     1 ||     1
  Use: Potion            |     1 |     2 ||     3
  Eat: Chunk             |     3 |     5 ||     8
       Fruit             |       |     1 ||     1
       Bread ration      |       |     1 ||     1
Armor: Robe              |     9 |    10 ||    19
       Skin              |     1 |       ||     1
Dodge: Dodged            |    25 |    20 ||    45
